Map: Abyssal Reef LE

Players

Guru

  • Race: Zerg Zerg
  • League: Master
  • Spawn Location: 5:00

Railgan - Winner!

  • Race: Zerg Zerg
  • League: Grandmaster
  • Spawn Location: 11:00

VOD

Have the link to the VOD?

Description

Time

  • Played on: March 12, 2017, 4:18 p.m.
  • Length: 16:13
Show
View Real Time Build Order
Export as new Build Order

Guru Zerg 

Build Orders: Hatch First, Zergling Baneling 

Get SALT Encoding   

  12  0:04  Drone  
  13  0:13  Overlord  
  13  0:24  Drone  
  14  0:38  Drone x3  
  17  0:53  Hatchery  
  17  0:57  Drone  
  17  1:11  Spawning Pool  
  16  1:16  Extractor, Drone  
  16  1:21  Drone  
  16  1:22  Drone  
  18  1:31  Drone  
  19  1:44  Overlord  
  19  1:57  Queen  
  19  1:58  Zergling x2  
  22  2:05  Queen  
  22  2:06  Zergling x4  
  26  2:16  Drone, Metabolic Boost  
  27  2:26  Drone x2  
  27  2:27  Drone  
  32  2:41  Baneling Nest  
  31  2:45  Drone x2  
  30  2:57  Hatchery  
  29  3:01  Drone x2  
  29  3:02  Drone  
  32  3:06  Drone  
  32  3:08  Drone  
  32  3:11  Drone  
  32  3:12  Drone  
  36  3:18  Overlord  
  36  3:23  Overlord  
  36  3:34  Overlord  
  35  3:37  Zergling x2  
  35  3:39  Zergling x8  
  40  3:46  Zergling x6  
  40  3:47  Zergling x4  
  45  3:49  Zergling x2  
  45  3:53  Zergling x2  
  47  3:59  Overlord  
  47  4:03  Drone  
  47  4:09  Overlord  
  48  4:14  Overlord  
  48  4:17  Zergling x6  
  48  4:19  Queen  
  48  4:23  Zergling x6  
  55  4:26  Zergling x2  
  55  4:28  Zergling x4  
  55  4:30  Zergling x2  
  59  4:39  Baneling  
  59  4:40  Baneling x10  
  59  4:41  Baneling  
  59  4:46  Zergling x6  
  63  4:52  Zergling x2  
  63  4:53  Zergling x2  
  63  4:54  Zergling x2  
  63  4:55  Zergling x2  
  63  4:56  Zergling x2  
  63  4:59  Zergling x2  
  68  5:01  Zergling x4  
  70  5:10  Zergling x4  
  70  5:11  Zergling x6  
  67  5:24  Overlord  
  67  5:26  Drone x5  
  67  5:27  Drone  
  71  5:34  Queen  
  71  5:37  Drone x3  
  71  5:39  Drone  
  75  5:45  Lair  
  75  5:52  Roach Warren  
  75  5:56  Drone x4  
  75  5:59  Drone x2  
  77  6:04  Extractor  
  77  6:05  Extractor  
  77  6:06  Drone x3  
  77  6:07  Drone  
  79  6:12  Overlord  
  79  6:17  Overlord  
  79  6:19  Drone x2  
  79  6:24  Overlord  
  81  6:29  Overlord  
  81  6:35  Overlord  
  81  6:39  Drone x2  
  83  6:43  Evolution Chamber  
  83  6:46  Roach  
  100  6:47  Roach x8  
  100  6:51  Roach  
  100  6:52  Roach  
  100  6:53  Roach  
  106  6:58  Glial Reconstitution  
  106  7:07  Roach x2  
  106  7:08  Roach x2  
  114  7:10  Roach  
  114  7:11  Roach  
  114  7:13  Overlord  
  117  7:18  Drone  
  117  7:19  Extractor, Drone x2  
  117  7:22  Zerg Missile Weapons Level 1  
  119  7:25  Overlord  
  119  7:29  Roach x2  
  123  7:32  Roach x2  
  127  7:38  Extractor  
  127  7:40  Drone x3  
  127  7:41  Overlord  
  127  7:43  Roach x2  
  127  7:44  Roach  
  135  7:48  Roach  
  135  7:49  Roach x2  
  141  7:57  Roach x2  
  134  8:01  Roach  
  136  8:07  Roach x4  
  136  8:08  Roach x2  
  136  8:10  Overlord  
  144  8:17  Roach x5  
  148  8:23  Roach  
  148  8:24  Roach  
  148  8:26  Extractor  
  151  8:28  Roach  
  151  8:31  Roach  
  151  8:33  Roach x3  
  160  8:37  Roach x2  
  160  8:41  Roach x2  
  168  8:46  Roach  
  136  8:59  Roach  
  136  9:00  Roach x6  
  136  9:01  Roach  
  150  9:09  Roach x2  
  156  9:10  Roach x2  
  156  9:13  Roach  
  156  9:16  Ravager x2  
  156  9:17  Ravager  
  163  9:22  Roach x2  
  167  9:32  Roach  
  167  9:37  Overseer  
  165  9:38  Roach  
  165  9:39  Roach x3  
  165  9:42  Roach  
  161  9:46  Roach x3  
  161  9:47  Roach x2  
  161  9:52  Roach  
  153  9:54  Roach  
  153  9:57  Roach  
  153  9:58  Roach  
  137  10:00  Roach x2  
  137  10:06  Roach  
  133  10:11  Roach x2  
  133  10:16  Roach  
  133  10:18  Zerg Missile Weapons Level 2  
  135  10:25  Ravager  
  135  10:26  Ravager  
  135  10:27  Ravager  
  138  10:31  Roach x2  
  138  10:33  Drone x3  
  138  10:34  Roach  
  147  10:37  Roach  
  147  10:39  Overlord  
  147  10:40  Hatchery  
  148  10:45  Roach x2  
  148  10:47  Roach  
  154  10:54  Overlord  
  154  10:59  Roach  
  154  11:00  Ravager  
  154  11:01  Ravager x5  
  154  11:03  Roach x3  
  168  11:05  Roach  
  170  11:19  Roach  
  170  11:20  Roach x3  
  178  11:30  Overlord x2  
  165  11:41  Roach  
  165  11:42  Roach x5  
  177  11:54  Roach x4  
  177  12:04  Roach  
  177  12:05  Roach  
  177  12:07  Roach  
  177  12:08  Roach x10  
  189  12:14  Ravager x3  
  192  12:15  Overlord  
  192  12:17  Overseer  
  192  12:31  Hydralisk Den  
  192  12:34  Zerg Ground Armor Level 1  
  150  13:01  Roach x2  
  150  13:02  Roach  
  150  13:04  Roach  
  150  13:05  Roach x15  
  186  13:16  Roach x2  
  186  13:17  Roach x2  
  194  13:24  Overlord  
  194  13:26  Lurker Den  
  177  13:44  Roach x7  
  183  13:59  Roach  
  183  14:00  Roach x3  
  185  14:07  Roach x2  
  182  14:12  Roach x2  
  176  14:17  Roach x3  
  176  14:18  Roach x4  
  178  14:34  Roach x2  
  178  14:35  Roach x6  
  192  14:40  Hydralisk  
  185  14:51  Ravager x2  
  185  14:52  Ravager x2  
  177  15:02  Hydralisk  
  161  15:10  Roach x2  
  161  15:11  Roach x3  
  169  15:20  Hydralisk  
  169  15:21  Roach  
  156  15:27  Hydralisk, Roach  
  138  15:32  Roach x3  
  136  15:36  Roach  
  136  15:40  Roach x2  
  136  15:42  Lurker  
  133  15:48  Lurker  
Show
View Real Time Build Order
Export as new Build Order

Railgan Zerg - Winner!

Build Orders: Pool First 

Get SALT Encoding   

  12  0:01  Drone  
  13  0:12  Overlord  
  13  0:18  Drone  
  14  0:31  Drone x2  
  14  0:34  Drone  
  17  0:46  Spawning Pool  
  17  0:48  Drone  
  17  0:56  Drone  
  18  1:12  Extractor, Hatchery  
  18  1:16  Drone  
  17  1:19  Drone  
  18  1:30  Drone  
  19  1:33  Queen  
  19  1:39  Spine Crawler  
  20  1:42  Drone  
  21  1:50  Zergling x2  
  22  2:00  Overlord  
  22  2:17  Queen  
  24  2:23  Drone x2  
  24  2:26  Drone  
  24  2:29  Queen  
  29  2:34  Zergling x2  
  29  2:35  Zergling x2  
  31  2:43  Drone x2  
  33  2:46  Drone  
  33  2:47  Overlord  
  33  2:54  Drone  
  33  2:58  Drone x2  
  35  3:05  Roach Warren  
  35  3:16  Drone  
  35  3:18  Drone  
  35  3:19  Overlord  
  37  3:25  Drone  
  38  3:31  Overlord x2  
  38  3:45  Roach x6  
  50  3:49  Roach x2  
  50  3:51  Roach  
  50  3:53  Roach  
  58  4:05  Overlord  
  58  4:06  Roach x3  
  64  4:11  Roach  
  64  4:13  Roach  
  67  4:23  Roach x2  
  70  4:24  Overlord  
  70  4:28  Drone  
  71  4:35  Evolution Chamber  
  71  4:36  Evolution Chamber  
  69  4:39  Roach  
  69  4:40  Drone x3  
  69  4:42  Extractor  
  77  4:52  Roach  
  77  4:53  Roach  
  77  4:57  Drone  
  77  4:58  Drone  
  77  4:59  Drone x3  
  82  5:12  Drone  
  67  5:24  Roach x3  
  67  5:28  Drone  
  70  5:31  Extractor  
  63  5:39  Extractor  
  63  5:42  Roach x3  
  68  5:43  Drone  
  68  5:44  Drone x2  
  68  5:46  Overlord  
  71  5:55  Roach  
  71  5:56  Drone  
  74  6:01  Drone x2  
  74  6:02  Lair  
  74  6:03  Drone  
  74  6:04  Drone x3  
  80  6:11  Drone x2  
  80  6:12  Baneling Nest  
  80  6:15  Zerg Missile Weapons Level 1  
  81  6:19  Drone  
  81  6:20  Drone  
  81  6:24  Zerg Melee Weapons Level 1  
  83  6:27  Overlord  
  83  6:38  Hatchery  
  83  6:39  Zergling x2  
  83  6:40  Metabolic Boost, Zergling x10  
  83  6:44  Overlord  
  88  6:51  Zergling x2  
  89  6:55  Zergling x2  
  90  7:06  Baneling x9, Glial Reconstitution  
  90  7:08  Overseer  
  90  7:09  Zergling x12  
  97  7:17  Hatchery, Zergling x2  
  97  7:18  Zergling x2  
  98  7:27  Roach  
  98  7:28  Roach x3  
  106  7:31  Zergling x2  
  107  7:40  Overlord x2  
  107  7:49  Overlord  
  107  7:51  Overlord x2  
  103  8:00  Roach x5  
  113  8:08  Baneling x16  
  113  8:10  Zergling x2  
  114  8:16  Roach  
  114  8:18  Roach  
  115  8:22  Roach  
  115  8:26  Roach  
  127  8:27  Roach x4  
  127  8:34  Drone  
  127  8:40  Roach x2  
  127  8:41  Roach  
  119  8:56  Roach x6  
  119  9:00  Roach x2  
  119  9:01  Drone  
  136  9:08  Zerg Missile Weapons Level 2  
  138  9:10  Roach x2  
  138  9:13  Roach  
  138  9:14  Roach  
  138  9:15  Roach  
  148  9:17  Roach  
  148  9:21  Roach  
  150  9:29  Roach x2  
  150  9:30  Overlord x2  
  146  9:38  Roach x4  
  146  9:39  Roach  
  146  9:41  Roach x2  
  146  9:45  Roach  
  148  9:48  Roach  
  148  9:49  Roach  
  148  9:51  Roach  
  138  9:53  Roach  
  138  9:54  Roach  
  138  9:59  Roach  
  124  10:06  Roach x4  
  118  10:10  Roach  
  120  10:16  Drone  
  120  10:17  Drone x3  
  120  10:20  Extractor  
  120  10:21  Extractor  
  122  10:28  Ravager, Drone x2  
  125  10:29  Overlord  
  125  10:33  Ravager  
  125  10:34  Ravager  
  127  10:39  Ravager  
  127  10:40  Hatchery  
  127  10:42  Roach  
  133  10:43  Roach x2  
  133  10:45  Overlord  
  133  10:48  Roach  
  135  10:55  Overlord, Roach x4  
  143  10:59  Unknown  
  143  11:00  Unknown  
  143  11:03  Roach  
  143  11:04  Roach x3  
  151  11:13  Roach x2  
  151  11:14  Roach  
  151  11:18  Roach x5  
  167  11:25  Roach x3  
  173  11:29  Overlord  
  173  11:31  Roach  
  173  11:40  Roach  
  173  11:41  Roach x2  
  173  11:43  Roach  
  173  11:45  Roach  
  179  11:53  Roach x5  
  175  12:06  Roach  
  175  12:07  Roach x5  
  165  12:10  Ravager x5  
  170  12:17  Roach x2  
  170  12:18  Roach  
  176  12:23  Roach  
  176  12:24  Roach  
  180  12:32  Roach  
  174  12:43  Roach x6  
  172  12:49  Roach  
  172  12:50  Roach x2  
  176  12:53  Roach  
  176  12:57  Roach x2  
  176  12:58  Roach  
  170  13:00  Roach  
  164  13:06  Roach x2  
  164  13:07  Roach  
  170  13:13  Ravager x5  
  170  13:14  Ravager  
  170  13:15  Roach  
  174  13:20  Roach x2  
  174  13:21  Roach  
  174  13:23  Roach  
  182  13:32  Roach x4  
  186  13:35  Roach  
  186  13:39  Roach x2  
  192  13:41  Roach  
  192  13:44  Overlord  
  182  13:59  Roach  
  182  14:00  Roach x3  
  186  14:03  Roach x4  
  186  14:09  Roach  
  196  14:12  Roach  
  196  14:13  Roach  
  196  14:21  Roach x2  
  192  14:24  Roach x4  
  192  14:27  Roach  
  192  14:39  Ravager x4  
  192  14:41  Roach  
  196  14:47  Roach x3  
  196  14:50  Roach  
  200  14:54  Roach  
  194  15:02  Roach x6  
  194  15:06  Roach x3  
  200  15:13  Roach  
  192  15:15  Unknown  
  192  15:18  Roach  
  184  15:28  Roach x7  
  171  15:29  Roach  
  164  15:36  Roach  
  164  15:39  Roach x2  
  170  15:44  Roach x2  
  170  15:47  Overseer  
Tags
 
Add a new tag
Caveats
  • Supply blocks, unpowered buildings, or Contaminate may cause inaccurate times.
  • Supply counts are checked every 10 seconds.